 Dungeon Crawl Stone Soup version 0.29-a0-121-g8efb068a30 (webtiles) character file.

Game seed: 4386305657035068575

105 Gargoyl the Skirmisher (level 4, -4/30 HPs)
             Began as a Gargoyle Abyssal Knight on Feb 20, 2022.
             Was a Follower of Lugonu.
             Slain by a gnoll (6 damage)
             ... on level 2 of the Dungeon.
             The game lasted 00:01:38 (1585 turns).

Gargoyl the Skirmisher (Gargoyle Abyssal Knight)    Turns: 1585, Time: 00:01:39

Health: -4/30      AC: 15    Str: 19    XL:     4   Next: 83%
Magic:  5/5        EV: 10    Int: 10    God:    Lugonu [*.....]
Gold:   45         SH:  0    Dex: 10    Spells: 3/3 levels left

rFire   . . .      SeeInvis .   a - +1 hand axe
rCold   . . .      Faith    .   (no shield)
rNeg    + . .      Spirit   .   c - +0 scale mail
rPois   ∞          Reflect  .   (no helmet)
rElec   +          Harm     .   (no cloak)
rCorr   .          Rampage  .   f - +0 pair of gloves
Will    .....                   (no boots)
Stlth   ..........              e - amulet of the acrobat
HPRegen 0.10/turn               d - +4 ring of protection
MPRegen 0.09/turn               (no ring)

@: no status effects
A: sickness immunity, AC +3, negative energy resistance 1, electricity
resistance, torment resistance 1, petrification resistance
a: Renounce Religion, Depart the Abyss


You were on level 2 of the Dungeon.
You worshipped Lugonu.
Lugonu was aware of your devotion.
You visited 1 branch of the dungeon, and saw 2 of its levels.
You visited the Abyss 1 time.

You collected 45 gold pieces.

Inventory:

Hand Weapons
 a - a +1 hand axe (weapon)
Missiles
 b - 7 poisoned darts (quivered)
Armour
 c - a +0 scale mail (worn)
 f - a +0 pair of gloves (worn)
Jewellery
 d - a +4 ring of protection (left hand)
 e - an amulet of the acrobat (around neck)
Potions
 h - a potion of lignification {unknown}


   Skills:
 + Level 4.3 Fighting
 + Level 2.9 Axes
 + Level 2.8 Armour
 + Level 1.3 Dodging
 + Level 0.1 Stealth
 + Level 2.2 Invocations


You had 3 spell levels left.
You didn't know any spells.
Your spell library contained the following spells:

 Spells                   Type           Power      Damage    Failure   Level
 Gell's Gravitas          Tloc           0%         N/A       98%         3
 Lesser Beckoning         Tloc           0%         N/A       98%         3
 Teleport Other           Tloc           0%         N/A       98%         3
 Summon Ice Beast         Ice/Summ       0%         N/A       100%        4
 Summon Mana Viper        Hex/Summ       0%         N/A       100%        5
 Monstrous Menagerie      Summ           0%         N/A       100%        7


Dungeon Overview and Level Annotations

Branches:
Dungeon (2/15)

Altars:

Shops:
D:1 =


Innate Abilities, Weirdness & Mutations

You are immune to sickness and miasma.
Your stone body is resilient. (AC +3)
You are immune to poison.
You resist negative energy. (rN+)
You are resistant to electric shocks. (rElec)
You are resistant to unholy torment.
You are immune to petrification.


Message History

You kill the gnoll!
Lugonu accepts your kill.
You see here a +0 whip.
You see here a +0 whip.
There is a stone staircase leading down here.
You start resting.
HP restored.
You climb downwards.
The gnoll barely misses you.
There is a stone staircase leading up here.
Unknown command.
The gnoll barely misses you. The gnoll closely misses you.
The gnoll completely misses you.
You slash the gnoll!
The gnoll is severely wounded.
You hit the gnoll. The gnoll hits you with a +0 spear.
The gnoll hits you with a +0 halberd. The gnoll hits you but does no damage.
You hit the gnoll but do no damage.
The gnoll is severely wounded.
You closely miss the gnoll. The gnoll hits you with a +0 halberd!
The gnoll hits you but does no damage.
You hit the gnoll.
The gnoll is moderately wounded.
You barely miss the gnoll. The gnoll barely misses you.
The gnoll hits you with a +0 spear. The gnoll closely misses you.
Unknown command.
You hit the gnoll.
The gnoll is heavily wounded.
You hit the gnoll but do no damage. The gnoll hits you with a +0 spear.
The gnoll hits you with a +0 halberd!
* * * LOW HITPOINT WARNING * * *
You closely miss the gnoll.
The gnoll is heavily wounded.
You hit the gnoll. The gnoll hits you but does no damage.
The gnoll closely misses you.
You closely miss the gnoll.
The gnoll is heavily wounded.
You hit the gnoll. The gnoll hits you with a +0 spear.
* * * LOW HITPOINT WARNING * * *
The gnoll barely misses you. The gnoll hits you with a +0 spear.
You die...

#######.### ..........# #
########.#.# . #######....# #†#.#
.#### #.....#.##.# #.#.#
......#########.###.#.##.###.#.##
g$...............<.............>#
g.###.#####.###.#............#..#
#.# #...........@g..#.#.........#
#h#########.###g#.#.#.#.####....#
....hgg.).....#...#.#.#.# ######
#.##..#####.#.#.###.#.#.#
#.#.....# #.#.#.....#.#.#
#.#.#...# #.#.#.#####.#.#
........# #.#.#.# #.#.#...#
#.#.#.# #........ #.#.#...#
#.#.#.# #........


You could see 2 gnolls.

Vanquished Creatures
  A hound (D:2)
  Terence (D:2)
  A gnoll (D:1)
  A worm (D:2)
  2 dart slugs
  5 ball pythons
  An endoplasm (D:2)
  A goblin (D:2)
  4 hobgoblins
  6 jackals
  2 kobolds (D:1)
  2 quokkas
  3 bats
  5 rats
35 creatures vanquished.

Notes
Turn   | Place    | Note
-------+----------+-------------------------------------------
     0 | Abyss:1  | Gargoyl the Gargoyle Abyssal Knight began the quest for the
                  | Orb.
     0 | Abyss:1  | Reached XP level 1. HP: 14/14 MP: 2/2
    49 | D:1      | Escaped the Abyss
   307 | D:1      | Reached * piety under Lugonu
   308 | D:1      | Reached XP level 2. HP: 19/19 MP: 3/3
   649 | D:1      | Found Xusus's Jewellery Boutique.
   661 | D:1      | Reached skill level 1 in Dodging
   920 | D:1      | Found a faded altar of an unknown god.
   926 | D:1      | Reached skill level 4 in Fighting
  1136 | D:2      | Reached XP level 3. HP: 24/24 MP: 4/4
  1191 | D:2      | Noticed Terence
  1205 | D:2      | Killed Terence
  1305 | D:2      | Reached XP level 4. HP: 29/29 MP: 5/5
  1585 | D:2      | Slain by a gnoll

Illustrated notes

Levels and vault maps discovered:
D:1:      mrwooster_arrival_arrow, layout_basic, serial_shops, shop,
          shapermc_ecumenical_altar_totnotflames
D:2:      layout_basic, uniq_terence

Skill      XL: |  1  2 |
---------------+-------+-----
Axes           | 2 |  2.9
Dodging        | 1 |  1.3
Fighting       | 4 |  4.3
Armour         | |  2.8
Stealth        | |  0.1
Invocations    | |  2.2

Action                   |  1- 3 |  4- 6 || total
-------------------------+-------+-------++-------
Melee: Hand axe          |    61 |    39 ||   100
       Punch             |       |     1 ||     1
Invok: Depart the Abyss  |     1 |       ||     1
  Use: Scroll            |     1 |     2 ||     3
Armor: Leather armour    |     9 |       ||     9
       Scale mail        |    30 |    33 ||    63
Dodge: Dodged            |    48 |    68 ||   116

Table legend: (Time is in decaauts)
 A = Elapsed time spent in this place.
 B = Non-inter-level travel time spent in this place.
 C = Inter-level travel time spent in this place.
 D = Time resting spent in this place.
 E = Time spent auto-exploring this place.
 F = Levels seen in this place.
 G = Mean time per level.
                   A        B        C        D        E       F      G
               +--------+--------+--------+--------+--------+-----+--------+
         Total |   1604 |   1591 |     13 |    146 |   1107 |   3 |  534.7 |
       Dungeon |   1555 |   1542 |     13 |    146 |   1058 |   2 |  777.5 |
         Abyss |     49 |     49 |      0 |      0 |     49 |   1 |   49.0 |
               +--------+--------+--------+--------+--------+-----+--------+

Top non-repeatable levels by time:
     D:1: 1244 daAuts
     D:2: 310 daAuts
 Abyss:1: 49 daAuts
